 Dungeon Crawl Stone Soup version 0.27.0-66-gdc8fb28755 (webtiles) character file.

Game seed: 4394063939286330606

43 SkeletonJelly the Slasher (level 3, -1/31 HPs)
             Began as a Draconian Monk on Aug 20, 2021.
             Was a Priest of Cheibriados.
             Killed from afar by Sigmund (6 damage)
             ... with a puff of flame
             ... on level 2 of the Dungeon on Aug 21, 2021.
             The game lasted 00:02:48 (1517 turns).

SkeletonJelly the Slasher (Draconian Monk)          Turns: 1517, Time: 00:02:48

Health: -1/31      AC:  5    Str: 20    XL:     3   Next: 37%
Magic:  3/3        EV: 12    Int: 16    God:    Cheibriados [***...]
Gold:   65         SH:  4    Dex: 19    Spells: 2/2 levels left

rFire    . . .     SeeInvis .   i - +3 hunting sling (vorpal)
rCold    . . .     Faith    .   e - +0 buckler
rNeg     . . .     Spirit   .   (armour unavailable)
rPois    .         Reflect  .   (helmet restricted)
rElec    .         Harm     .   (no cloak)
rCorr    .         Rampage  .   (no gloves)
Will     .....                  (no boots)
Stlth    ++........             (no amulet)
HPRegen  0.10/turn              (no ring)
MPRegen  0.08/turn              (no ring)

@: very slow
A: AC +5, unfitting armour, cold-blooded
a: Renounce Religion, Bend Time, Temporal Distortion


You were on level 2 of the Dungeon.
You worshipped Cheibriados.
Cheibriados was most pleased with you.
You visited 1 branch of the dungeon, and saw 2 of its levels.

You collected 65 gold pieces.

Inventory:

Hand Weapons
 a - a +0 falchion
 i - a +3 vorpal hunting sling (weapon)
Missiles
 j - 49 stones (quivered ammo)
Armour
 e - a +0 buckler (worn)
Jewellery
 d - a ring of ice
Scrolls
 c - a scroll of magic mapping {unknown}
 h - a scroll of identify {unknown}
Potions
 b - 2 potions of might {unknown}
 f - a potion of resistance {unknown}
 g - 2 potions of flight {unknown}
 k - a potion of curing {unknown}
 l - a potion of brilliance {unknown}


   Skills:
 - Level 3.2 Fighting
 - Level 4.2 Long Blades
 * Level 0.7 Slings
 - Level 2.6 Dodging
 - Level 1.7 Stealth
 + Level 0.7 Shields


You had 2 spell levels left.
You didn't know any spells.
Your spell library contained the following spells:

 Spells                   Type           Power      Damage    Failure   Level
 Portal Projectile        Hex/Tloc       0%         N/A       75%         3
 Blade Hands              Tmut           0%         N/A       100%        5
 Excruciating Wounds      Necr           0%         N/A       100%        5


Dungeon Overview and Level Annotations

Branches:
Dungeon (2/15)

Altars:
Cheibriados

Annotations:
D:2 Sigmund


Innate Abilities, Weirdness & Mutations

Your plain brown scales are hard. (AC +5)
You cannot fit into any form of body armour.
You are cold-blooded and may be slowed by cold attacks.


Message History

A kobold is nearby!
You shoot a stone. The kobold shouts!
The stone hits the kobold.
You kill the kobold!
Cheibriados appreciates the change of pace.
No target in view!
No target in view!
No target in view!
No target in view!
No target in view!
No target in view!
HP restored.
Found a leather armour.
Found a dagger.
Found a stone staircase leading down.
j - 42 stones (gained 1)
j - 43 stones (gained 1)
You see here a bat corpse.
Found 13 stones.
j - 44 stones (gained 1)
You see here a dart slug corpse.
You now have 39 gold pieces (gained 5).
j - 45 stones (gained 1)
You now have 49 gold pieces (gained 10).
There is a fountain of clear blue water here.
Things that are here:
a +0 whip; a kobold corpse
j - 47 stones (gained 2)
There is a fountain of clear blue water here.
You now have 65 gold pieces (gained 16).
j - 48 stones (gained 1)
j - 51 stones (gained 3)
Things that are here:
a +0 whip; a kobold corpse
j - 52 stones (gained 1)
Things that are here:
a +0 whip; a kobold corpse Sigmund is nearby!
Sigmund is nearby!
Okay, then.
Fire: 52 stones
Press: ? - help, Q - select action, (/) - cycle Shift-Dir - straight line, f - Sigmund
Aim: Sigmund, wielding a +0 scythe and wearing a +0 robe (wandering, hasn't noticed you, 62% to hit)
You shoot a stone.
Sigmund shouts!
The stone hits Sigmund.
Sigmund is moderately wounded.
Fire: 51 stones
Press: ? - help, Q - select action, (/) - cycle Shift-Dir - straight line, f/p - Sigmund
Aim: Sigmund, wielding a +0 scythe and wearing a +0 robe (moderately wounded, 62% to hit)
You shoot a stone. The stone closely misses Sigmund.
Sigmund screams, "I am the angel of ZOT!!!"
Fire: 50 stones
Press: ? - help, Q - select action, (/) - cycle Shift-Dir - straight line, f/p - Sigmund
Aim: Sigmund, wielding a +0 scythe and wearing a +0 robe (moderately wounded, 62% to hit)
You shoot a stone. The stone hits Sigmund.
Sigmund is moderately wounded.
Sigmund gestures at you while chanting.
You are confused.
Sigmund points at you and mumbles some strange words.
You resist with significant effort.
You bump into the metal wall.
Sigmund barely misses you. Sigmund misses you. Sigmund completely misses you.
Sigmund gestures at you while chanting. The puff of flame hits you!
Things that are here:
a +0 whip; a kobold corpse You bump into the metal wall.
Sigmund hits you with a +0 scythe.
Okay, then.
Unknown command.
Unknown command.
You bump into the metal wall.
You feel less confused.
Sigmund's eyes start glowing with a red light.
Sigmund casts a spell at you.
You are confused.
You clumsily bash Sigmund but do no damage.
You tail-slap Sigmund, but do no damage.
Sigmund is moderately wounded.
Sigmund hits you with a +0 scythe. Sigmund gestures at you while chanting.
The magic dart hits you.
* * * LOW HITPOINT WARNING * * *
Sigmund closely misses you.
Sigmund drinks a potion.
Sigmund flickers and vanishes!
Deactivating autopickup; reactivate with Ctrl-A.
Something hits you.
* * * LOW HITPOINT WARNING * * *
There is a fountain of clear blue water here.
Something hits you but does no damage. Something completely misses you.
There is a fountain of clear blue water here.
You're too confused to move!
You feel less confused. Something barely misses you.
Okay, then.
Unknown command.
Unknown command.
A puff of flame appears from out of thin air!
The puff of flame hits you.
You die...

#######.##########
..................
######.#.##########
.........# #.
####.####.# ######. #
#.#...#.#.# #......
#.##..[..##.####.#####
#.#?.⌠⌠⌠..#(..........
#....@#)....####.#....
#.#..⌠§§†(#.># #.#.###
##....{##..# #..)†..
#)#..)#(#..# ###.###
####.####..# #.###
#.............# .....
#.##..........# ......
#.>......... .......
#.########.##.......


There were no monsters in sight!

Vanquished Creatures
  A dart slug (D:2)
  5 bats
  6 endoplasms
  A giant cockroach (D:1)
  3 goblins
  3 hobgoblins (D:1)
  3 jackals (D:1)
  2 quokkas
  A ball python (D:1)
  4 frilled lizards
  5 kobolds
  4 rats
38 creatures vanquished.

Notes
Turn   | Place    | Note
-------+----------+-------------------------------------------
     0 | D:1      | SkeletonJelly the Draconian Monk began the quest for the
                  | Orb.
     0 | D:1      | Reached XP level 1. HP: 19/19 MP: 1/1
   292 | D:1      | Reached XP level 2. HP: 26/26 MP: 2/2
   710 | D:1      | Reached skill level 4 in Long Blades
   969 | D:1      | Reached XP level 3. HP: 30/31 MP: 3/3
  1054 | D:1      | Found a faded altar of an unknown god.
  1057 | D:1      | Became a worshipper of Cheibriados the Contemplative
  1057 | D:1      | Reached * piety under Cheibriados
  1057 | D:1      | Reached ** piety under Cheibriados
  1287 | D:2      | Noticed Sigmund
  1437 | D:2      | Reached *** piety under Cheibriados
  1517 | D:2      | Killed from afar by Sigmund

Illustrated notes

Levels and vault maps discovered:
D:1:      sevenhm_arrival_forest_fort_small_6, layout_rooms,
          shapermc_ecumenical_altar_mp_vishouse
D:2:      layout_basic, minmay_nonomino_d4, uniq_sigmund

Skill      XL: |  1  2 |
---------------+-------+-----
Long Blades    | 4 |  4.2
Fighting       | |  3.2
Slings         | |  0.7
Dodging        | |  2.6
Stealth        | |  1.7
Shields        | |  0.7

Action                   || total
-------------------------++-------
Melee: Falchion          ||    79
       Tailslap          ||    11
       Hunting sling     ||     1
 Fire: Hunting sling     ||    20
 Stab: Sleeping          ||     3
Armor: Skin              ||    26
Dodge: Dodged            ||    64
Block: Buckler           ||     4
       Rpst.: Falchion   ||    19
